 Dungeon Crawl Stone Soup version 0.25-a0-942-g87a53962fc (webtiles) character file.

Game seed: 17760023909305848948, levelgen mode: deterministic

202688 HoaS the Wrestler (level 18, -2/132 HPs)
             Began as a Gargoyle Berserker on May 6, 2020.
             Was the Champion of Trog.
             Slain by a wolf spider (7 damage)
             ... on level 4 of the Spider Nest.
             The game lasted 01:38:36 (35381 turns).

HoaS the Wrestler (Gargoyle Berserker)             Turns: 35381, Time: 01:38:37

Health: -2/132     AC: 37    Str: 27    XL:     18   Next: 59%
Magic:  18/18      EV: 15    Int:  9    God:    Trog [******]
Gold:   4817       SH:  0    Dex: 12    Spells: 17/17 levels left

rFire    + . .     SeeInvis .     - Unarmed
rCold    + + .     Gourm    .   (no shield)
rNeg     + . .     Faith    .   H - +8 chain mail of Qubbuhum {rElec Regen+ Str+2}
rPois    ∞         Spirit   .   E - +0 helmet
rElec    +         Reflect  .   J - scarf {rC+ rF+}
rCorr    .         Harm     .   G - +0 pair of gloves
MR       ++++.                  F - +2 pair of boots
Stlth    ..........             e - amulet of regeneration
HPRegen  2.12/turn              X - +3 ring of evasion
MPRegen  0.16/turn              Q - ring "Entuzoinue" {rC+ MR+ EV+3}

@: berserk cooldown, flying, regenerating, slowed, studying Stealth, very slow
A: big wings, negative energy resistance 1, electricity resistance, unbreathing,
petrification resistance, rot immunity, AC +13
}: 1/15 runes: decaying
a: Stop Flying, Berserk, Trog's Hand, Brothers in Arms, Renounce Religion


You were on level 4 of the Spider Nest.
You worshipped Trog.
Trog was exalted by your worship.
You were very hungry.

You visited 5 branches of the dungeon, and saw 31 of its levels.
You also visited: Bailey and Gauntlet.

You collected 4817 gold pieces.

Inventory:

Missiles
 o - 22 poisoned darts (quivered)
Armour
 E - a +0 helmet (worn)
 F - a +2 pair of boots (worn)
 G - a +0 pair of gloves (worn)
 H - the +8 chain mail of Qubbuhum (worn) {rElec Regen+ Str+2}
   (You found it on level 6 of the Lair of Beasts)

   It affects your strength (+2).
   It insulates you from electricity.
   It increases your rate of regeneration.
 J - a scarf of resistance (worn)
 V - a +3 plate armour
Jewellery
 d - an uncursed ring of fire
 e - an amulet of regeneration (around neck)
 p - an uncursed ring of protection from fire
 I - an uncursed ring of see invisible
 L - an uncursed ring of fire
 Q - the ring "Entuzoinue" (right hand) {rC+ MR+ EV+3}
   (You found it on level 3 of the Lair of Beasts)

   [ring of evasion]

   It affects your evasion (+3).
   It protects you from cold.
   It affects your resistance to hostile enchantments.
 X - a +3 ring of evasion (left hand)
Wands
 r - a wand of digging (24)
 y - a wand of acid (26)
Scrolls
 g - 5 scrolls of magic mapping
 h - 2 scrolls of fog
 i - 20 scrolls of teleportation
 j - a scroll of summoning
 l - 8 scrolls of identify
 t - 5 scrolls of enchant armour
 w - 13 scrolls of remove curse
 U - 7 scrolls of fear
 W - a scroll of blinking
 Y - a scroll of silence
Potions
 a - 3 potions of invisibility
 c - 4 potions of haste
 f - 2 potions of resistance
 m - 5 potions of might
 n - 5 potions of berserk rage
 q - 3 potions of ambrosia
 u - 12 potions of curing
 z - 3 potions of lignification
 P - 2 potions of mutation
 R - 2 potions of cancellation
Books
 K - a manual of Stealth
Comestibles
 b - 48 rations
 k - 6 chunks of flesh


   Skills:
 + Level 21.1 Fighting
 - Level 6.0 Armour
 - Level 1.5 Dodging
 * Level 22.9 Unarmed Combat


You had 17 spell levels left.
You didn't know any spells.
Your spell library was empty.

Dungeon Overview and Level Annotations

Branches:
Dungeon (15/15)            Temple (0/1) D:5            Lair (6/6) D:9
  Swamp (4/4) Lair:4       Spider (4/4) Lair:3        Slime (0/5) Lair:5
    Orc (2/2) D:11            Elf (0/3) Orc:2        Vaults (0/5) D:13
 Depths (0/5) D:15         Bailey (visited)         Gauntlet (visited)

Altars:
Cheibriados
Dithmenos
Gozag
Kikubaaqudgha
Makhleb
Nemelex Xobeh
Qazlal
Ru
Sif Muna
Trog
Uskayaw
Vehumet
Xom
Yredelemnul
Beogh

Shops:
Orc:2 [}:*(

Annotations:
Lair:1 exclusion: oklob plant
Spider:4 Asterion


Innate Abilities, Weirdness & Mutations

You are resistant to torment.
Your stone body is resilient. (AC +13)
You are immune to poison.
Your large and strong wings let you fly indefinitely.
You resist negative energy. (rN+)
You are resistant to electric shocks. (rElec)
You can survive without breathing.
You are immune to petrification.
You are immune to rotting.


Message History

The redback misses you.
The jumping spider leaps!
The tarantella misses you. The redback closely misses you. Asterion misses you.
Asterion gores you but does no damage.
You pummel Asterion!!
Asterion is heavily wounded.
You feel less confused. The wolf spider barely misses you.
The wolf spider bites you but does no damage.
The redback misses you.
The demonic crawler hits you but does no damage. x3
The tarantella bites you but does no damage.
The redback barely misses you.
You hit Asterion.
Asterion is heavily wounded.
You are no longer berserk.
You are exhausted.
You feel as though you will be slow longer.
The redback misses you. The wolf spider barely misses you.
The wolf spider bites you!
You die...

#.^## #....#.
##.#.####....^. ..
##....#....^..# .^#
#....##.......#....
###...^#....°..##....
##..^...##†......sw...
.##........†....○2.s[.^.
.^#.......#....†#H..≈..#
.....^#...^^...s@ss....#
#.....[.#....#.sss....##
..........#^.....^....#
......#.........s^#...≈#
....^.^...#..#.......^##
.......<.......#.......#
#...#..........^....^...
.................#..#..^
......#.....#..


You could see Asterion, a balrug, a torpor snail, a demonic crawler, a wolf
spider, 3 orb spiders, a tarantella and 3 redbacks.

Vanquished Creatures
  Bai Suzhen (Swamp:4)
  the Lernaean hydra (Swamp:4)
  Gastronok (D:11)
  A thorn hunter (Swamp:4)
  A frost giant (D:15)
  4 ghost moths
  The ghost of Nedawn the Cleaver, a journeyman DrWn of Makhleb (D:15)
  An emperor scorpion (Spider:1)
  A very ugly thing (Swamp:3)
  3 entropy weavers
  A minotaur (Gauntlet)
  The ghost of Wuvaz the Severer, a journeyman MiFi of Gozag (Lair:3)
  2 spark wasps (Spider:3)
  A fire dragon (Lair:6)
  The ghost of zenki the Slicer, a journeyman VSFi of Makhleb (Lair:3)
  Josephine (Lair:5)
  A great orb of eyes (Gauntlet)
  The ghost of emiel the Cleaver, a journeyman DDFi of Makhleb (Lair:1)
  26 hydras
  4 vault guards (D:13)
  A ghost crab (Swamp:3)
  An ice dragon (Lair:6)
  2 catoblepae
  4 centaur warriors
  An ogre mage (D:15)
  12 alligators
  8 two-headed ogres
  A queen ant (Lair:6)
  A tengu warrior (D:13)
  Sonja (Lair:5)
  An unseen horror (D:12)
  2 spriggan druids
  A wizard (D:13)
  3 lindwurms (Lair:6)
  9 swamp dragons
  A wolf spider zombie (D:14)
  13 orb spiders
  3 orc knights
  A necromancer (D:13)
  11 orc sorcerers (Orc:2)
  2 deep elf magi
  19 wolf spiders
  2 ugly things
  3 moths of wrath
  5 cyclopes
  3 manticores
  2 ice statues (Gauntlet)
  5 black mambas
  11 elephants
  A guardian serpent (shapeshifter) (D:14)
  5 torpor snails (Lair:6)
  3 gargoyles
  15 spiny frogs
  11 komodo dragons
  10 rime drakes
  A yaktaur (D:15)
  Maggie (D:7)
  The ghost of jt the Summoner, a novice TeSu (D:6)
  10 demonic crawlers
  7 jumping spiders
  14 tyrant leeches
  9 trolls
  10 hornets
  7 hippogriffs
  Grinder (D:3)
  3 polar bears
  19 slime creatures
  3 bog bodies (Swamp:2)
  10 dream sheep
  A wind drake (shapeshifter) (D:14)
  17 blink frogs
  Sigmund (D:3)
  56 redbacks
  A spriggan (shapeshifter) (D:15)
  The ghost of zenki the Cutter, an amateur VSFi (D:3)
  49 yaks
  5 spriggans
  3 wyverns
  18 tarantellas
  5 wraiths
  3 hogs (D:8)
  7 basilisks
  A shadow (Swamp:4)
  A fire elemental (D:12)
  Eustachio (D:5)
  A hungry ghost (D:15)
  19 humans
  2 steam dragons
  11 vampire mosquitoes
  6 wargs
  10 insubstantial wisps
  12 swamp worms
  2 acid dragons (Lair:6)
  21 soldier ants
  15 water moccasins
  10 porcupines
  14 swamp drakes
  11 orc warriors
  2 ice beasts
  5 sky beasts
  2 black bears
  17 ogres
  2 phantoms
  A necrophage (D:8)
  2 eyes of draining
  9 centaurs
  13 wolves
  A boggart (D:15)
  36 crocodiles
  3 big kobolds (D:10)
  9 bullfrogs
  A gnoll sergeant (D:7)
  A water moccasin zombie (D:8)
  2 wyvern zombies
  2 wyvern skeletons
  7 scorpions
  2 killer bees (D:8)
  10 wights
  7 electric eels
  7 howler monkeys
  8 crimson imps
  8 quasits
  A wyvern simulacrum (D:10)
  7 centaur zombies
  A bullfrog zombie (D:12)
  11 orc priests
  7 hounds
  3 jellies
  2 bullfrog skeletons
  3 centaur skeletons
  44 orc wizards
  Natasha (thrice) (D:2)
  12 iguanas
  25 worker ants
  A killer bee zombie (D:9)
  A worker ant zombie (D:5)
  5 gnolls
  10 adders
  A howler monkey skeleton (D:8)
  3 shadow imps
  15 white imps
  A howler monkey simulacrum (D:10)
  4 oozes (Lair:5)
  An adder skeleton (D:2)
  An adder zombie (D:10)
  5 worms
  2 dart slugs
  10 leopard geckos
  109 orcs
  7 giant cockroaches
  5 goblins
  8 hobgoblins
  11 jackals
  25 kobolds
  3 quokkas
  2 ball pythons
  8 bats
  19 frilled lizards
  2 gnoll zombies (D:9)
  2 jackal skeletons (D:5)
  A leopard gecko skeleton (D:8)
  8 rats
1174 creatures vanquished.

Vanquished Creatures (collateral kills)
  A hydra (Swamp:4)
  6 swamp dragons
  5 elephants (Lair:6)
  A gargoyle (D:8)
  3 slime creatures (Swamp:3)
  2 soldier ants (Lair:6)
  A bullfrog (Lair:1)
  A scorpion (D:8)
  A killer bee (D:8)
  A worker ant (D:8)
  A worker ant zombie (D:8)
  A quokka (D:8)
24 creatures vanquished.

Vanquished Creatures (others)
  A yak (Lair:5)
  A leopard gecko (Lair:2)
  23 fungi
  41 plants
  3 withered plants (Gauntlet)
69 creatures vanquished.

Grand Total: 1267 creatures vanquished

Notes
Turn   | Place    | Note
-------+----------+-------------------------------------------
     0 | D:1      | HoaS the Gargoyle Berserker began the quest for the Orb.
     0 | D:1      | Reached XP level 1. HP: 14/14 MP: 1/1
   212 | D:1      | Reached XP level 2. HP: 19/19 MP: 2/2
   944 | D:2      | Reached XP level 3. HP: 20/24 MP: 3/3
  1085 | D:2      | Reached ** piety under Trog
  1312 | D:2      | Reached skill level 4 in Unarmed Combat
  1637 | D:2      | Reached XP level 4. HP: 24/29 MP: 4/4
  1829 | D:2      | Noticed Natasha
  1841 | D:2      | Killed Natasha
  1946 | D:2      | Noticed Natasha
  1957 | D:2      | Killed Natasha
  1957 | D:2      | Reached XP level 5. HP: 22/34 MP: 5/5
  2084 | D:2      | Noticed Natasha
  2092 | D:2      | Killed Natasha
  2092 | D:2      | Reached skill level 5 in Unarmed Combat
  3096 | D:3      | Noticed Grinder
  3141 | D:3      | Paralysed by Grinder for 3 turns
  3150 | D:3      | Killed Grinder
  3150 | D:3      | Reached skill level 5 in Fighting
  3150 | D:3      | Reached skill level 6 in Unarmed Combat
  3150 | D:3      | Reached XP level 6. HP: 7/40 MP: 6/6
  3450 | D:3      | Found a large runed translucent door.
  3450 | D:3      | Found a large runed translucent door.
  3454 | D:3      | Noticed zenki's ghost (amateur VSFi)
  3570 | D:3      | Noticed Sigmund
  3605 | D:3      | HP: 2/60 [something/puff of flame (5)]
  3610 | D:3      | Killed Sigmund
  3610 | D:3      | Reached skill level 7 in Unarmed Combat
  3610 | D:3      | Reached XP level 7. HP: 3/45 MP: 7/7
  4090 | D:3      | Reached *** piety under Trog
  4240 | D:3      | Killed zenki's ghost
  4294 | D:4      | Found a snail-covered altar of Cheibriados.
  4404 | D:4      | Reached XP level 8. HP: 34/52 MP: 8/8
  4422 | D:4      | Reached skill level 8 in Unarmed Combat
  4996 | D:4      | Found a shadowy altar of Dithmenos.
  4996 | D:4      | Found an ancient bone altar of Kikubaaqudgha.
  4997 | D:4      | Found an opulent altar of Gozag.
  4997 | D:4      | Found a radiant altar of Vehumet.
  5129 | D:5      | Entered Level 5 of the Dungeon
  5259 | D:5      | Noticed Eustachio
  5315 | D:5      | Killed Eustachio
  5321 | D:5      | Reached skill level 9 in Unarmed Combat
  5323 | D:5      | Found a staircase to the Ecumenical Temple.
  5337 | D:5      | HP: 2/79 [orc wizard/magic dart (3)]
  5741 | D:5      | Reached XP level 9. HP: 58/58 MP: 9/9
  5830 | D:5      | Found a burning altar of Makhleb.
  5906 | D:5      | Reached skill level 10 in Unarmed Combat
  6377 | D:6      | Found a sparkling altar of Nemelex Xobeh.
  6674 | D:6      | Reached skill level 11 in Unarmed Combat
  6680 | D:6      | Reached **** piety under Trog
  6981 | D:6      | Found a transporter.
  6983 | D:6      | Noticed jt's ghost (novice TeSu)
  7033 | D:6      | Found a transporter.
  7335 | D:6      | Found a shimmering blue altar of Sif Muna.
  7465 | D:6      | Killed jt's ghost
  7465 | D:6      | Reached XP level 10. HP: 50/66 MP: 10/10
  7640 | D:7      | Found a flagged portal.
  7685 | Bailey   | Entered a bailey
  7743 | Bailey   | Noticed an orc knight
  8188 | D:7      | Noticed Maggie
  8200 | D:7      | Killed Maggie
  8200 | D:7      | Reached skill level 12 in Unarmed Combat
  8734 | D:8      | Reached skill level 10 in Fighting
  8760 | D:8      | Noticed a centaur warrior
  8771 | D:8      | Killed a centaur warrior
  8776 | D:8      | Noticed a manticore
  8779 | D:8      | Noticed a gargoyle
  8787 | D:8      | Killed a manticore
  8797 | D:8      | Killed a gargoyle
  9405 | D:8      | Found a hide-covered altar of Uskayaw.
  9477 | D:8      | Reached XP level 11. HP: 76/76 MP: 11/11
  9699 | D:8      | Reached ***** piety under Trog
 10161 | D:9      | Reached skill level 13 in Unarmed Combat
 10671 | D:9      | Found a sacrificial altar of Ru.
 10716 | D:9      | Found a staircase to the Lair.
 10791 | D:9      | Found a basalt altar of Yredelemnul.
 11009 | D:9      | Found a shimmering altar of Xom.
 11068 | D:10     | Entered Level 10 of the Dungeon
 11251 | D:10     | Noticed a two-headed ogre
 11257 | D:10     | Killed a two-headed ogre
 11436 | D:10     | Noticed a two-headed ogre
 11461 | D:10     | Killed a two-headed ogre
 11729 | D:10     | Reached XP level 12. HP: 75/84 MP: 12/12
 11803 | D:10     | Reached skill level 14 in Unarmed Combat
 12062 | Lair:1   | Entered Level 1 of the Lair of Beasts
 12140 | Lair:1   | Reached skill level 5 in Armour
 12679 | Lair:1   | Noticed a seven-headed hydra
 12700 | Lair:1   | Killed a seven-headed hydra
 12924 | Lair:1   | Found a runed translucent gate.
 12926 | Lair:1   | Found a runed translucent gate.
 12927 | Lair:1   | Noticed emiel's ghost (journeyman DDFi)
 12928 | Lair:1   | Found a runed translucent gate.
 14022 | Lair:2   | Reached ****** piety under Trog
 14359 | Lair:2   | Received a gift from Trog
 14444 | Lair:2   | Reached skill level 15 in Unarmed Combat
 14851 | Lair:3   | Noticed a seven-headed hydra
 14861 | Lair:3   | Killed a seven-headed hydra
 15256 | Lair:3   | Reached XP level 13. HP: 90/90 MP: 13/13
 15505 | Lair:3   | Found a hole to the Spider Nest.
 15676 | Lair:3   | Found a runed translucent gate.
 15680 | Lair:3   | Found a runed translucent gate.
 15686 | Lair:3   | Found a runed translucent gate.
 15687 | Lair:3   | Noticed zenki's ghost (journeyman VSFi)
 15687 | Lair:3   | Noticed Wuvaz's ghost (journeyman MiFi)
 15925 | Lair:1   | Killed emiel's ghost
 16144 | Lair:4   | Found a staircase to the Swamp.
 16363 | Lair:4   | Reached skill level 16 in Unarmed Combat
 16668 | Lair:4   | Found a bloodstained altar of Trog.
 17781 | Lair:5   | Noticed Josephine
 17796 | Lair:5   | Killed Josephine
 17799 | Lair:5   | Reached skill level 15 in Fighting
 17926 | Lair:5   | Found a staircase to the Slime Pits.
 17931 | Lair:5   | Noticed Sonja
 17957 | Lair:5   | Killed Sonja
 18527 | Lair:6   | Entered Level 6 of the Lair of Beasts
 18553 | Lair:6   | Reached skill level 17 in Unarmed Combat
 18849 | Lair:6   | Received a gift from Trog
 18873 | Lair:6   | Gained mutation: Your large and strong wings let you fly
                  | indefinitely. [Gargoyle growth]
 18873 | Lair:6   | Reached XP level 14. HP: 70/98 MP: 14/14
 19116 | Lair:3   | Killed zenki's ghost
 19148 | Lair:3   | Killed Wuvaz's ghost
 19167 | Lair:3   | Got a scintillating copper ring
 19361 | Lair:3   | Identified the ring "Entuzoinue" {rC+ MR+ EV+3} (You found
                  | it on level 3 of the Lair of Beasts)
 19571 | Lair:6   | Noticed an entropy weaver
 19866 | Lair:6   | Identified a scroll of acquirement
 19866 | Lair:6   | Identified the ring "Qeseupp" {EV+3 Int+4} (You acquired it
                  | on level 6 of the Lair of Beasts)
 19866 | Lair:6   | Identified the +0 bardiche of Qaytsid {flame, Int+6 Dex-5}
                  | (You acquired it on level 6 of the Lair of Beasts)
 20052 | Lair:6   | Reached skill level 18 in Unarmed Combat
 20102 | Lair:6   | Killed an entropy weaver
 20593 | Lair:6   | Received a gift from Trog
 20711 | Lair:6   | Noticed an entropy weaver
 20727 | Lair:6   | Killed an entropy weaver
 21023 | Lair:6   | Found a runed translucent door.
 21468 | Lair:6   | Identified the +0 pair of gloves of Amelioration {rF++
                  | Int+4 Dex-4} (You acquired it on level 6 of the Lair of
                  | Beasts)
 21469 | Lair:6   | Got a crude chain mail
 21480 | Lair:6   | Identified the +8 chain mail of Qubbuhum {rElec Regen+
                  | Str+2} (You found it on level 6 of the Lair of Beasts)
 21831 | Lair:6   | Reached XP level 15. HP: 105/108 MP: 15/15
 22431 | D:11     | Found a staircase to the Orcish Mines.
 22553 | D:11     | Received a gift from Trog
 22802 | D:11     | Noticed Gastronok
 22819 | D:11     | Killed Gastronok
 23321 | Orc:1    | Entered Level 1 of the Orcish Mines
 23419 | Orc:2    | Entered Level 2 of the Orcish Mines
 23505 | Orc:2    | Paralysed by an orc sorcerer for 5 turns
 23579 | Orc:2    | Received a gift from Trog
 23851 | Orc:2    | Found Gocuf's Antique Weapon Emporium.
 23851 | Orc:2    | Found Ublemief's General Store.
 23928 | Orc:2    | Found a roughly hewn altar of Beogh.
 24018 | Orc:2    | Found a staircase to the Elven Halls.
 24021 | Orc:2    | Found Nugenas's Armour Emporium.
 24223 | Orc:2    | Found Equjomin's Book Emporium.
 24223 | Orc:2    | Found Tiass's Gadget Boutique.
 24237 | Orc:2    | Received a gift from Trog
 24625 | Orc:1    | Found a roughly hewn altar of Beogh.
 25066 | D:12     | Found a gate leading to a gauntlet.
 25097 | Gauntlet | Entered a Gauntlet
 25097 | Gauntlet | Found a transporter.
 25097 | Gauntlet | Found a transporter.
 25097 | Gauntlet | Found a transporter.
 25112 | Gauntlet | Found a transporter.
 25112 | Gauntlet | Found a transporter.
 25123 | Gauntlet | Found a transporter.
 25131 | Gauntlet | Found a transporter.
 25151 | Gauntlet | Found a transporter.
 25172 | Gauntlet | Found a transporter.
 25173 | Gauntlet | Found a transporter.
 25184 | Gauntlet | Found a transporter.
 25235 | Gauntlet | Found a transporter.
 25369 | Gauntlet | Got a warped sapphire amulet
 25385 | Gauntlet | Identified the amulet of Toofus {Harm *Drain rF+ rN+ Str-2}
                  | (You found it in a Gauntlet)
 25419 | Gauntlet | Got a scorched wooden ring
 25421 | Gauntlet | Identified the ring "Deuhy" {Int+2 Stlth-} (You found it in
                  | a Gauntlet)
 25458 | Gauntlet | Identified the +3 quarterstaff of the Absolute Madman
                  | {holy, rN+ Dex+7 Stlth-}
 25560 | D:12     | Reached skill level 19 in Unarmed Combat
 25745 | D:12     | Received a gift from Trog
 26276 | D:12     | Found a basalt altar of Yredelemnul.
 26643 | D:13     | Reached XP level 16. HP: 100/116 MP: 16/16
 26684 | D:13     | Received a gift from Trog
 27302 | D:13     | Found a gate to the Vaults.
 27912 | D:14     | Found a stormy altar of Qazlal.
 27982 | D:14     | Reached skill level 20 in Unarmed Combat
 28127 | D:15     | Entered Level 15 of the Dungeon
 28209 | D:15     | Found a staircase to the Depths.
 28403 | D:15     | Found a stormy altar of Qazlal.
 28429 | D:15     | Received a gift from Trog
 28679 | D:15     | Found a runed translucent door.
 28680 | D:15     | Identified the +1 trident of Zuthryd {pain, rPois Dex+5}
 28681 | D:15     | Noticed Nedawn's ghost (journeyman DrWn)
 28909 | D:15     | Killed Nedawn's ghost
 29189 | Swamp:1  | Entered Level 1 of the Swamp
 30315 | Swamp:2  | Received a gift from Trog
 30405 | Swamp:2  | Reached XP level 17. HP: 114/123 MP: 17/17
 30671 | Swamp:3  | Reached skill level 21 in Unarmed Combat
 31383 | Swamp:4  | Entered Level 4 of the Swamp
 31799 | Swamp:4  | Received a gift from Trog
 31937 | Swamp:4  | Noticed the 27-headed Lernaean hydra
 31956 | Swamp:4  | Killed the 26-headed Lernaean hydra
 32098 | Swamp:4  | Got a decaying rune of Zot
 32295 | Swamp:4  | Noticed Bai Suzhen
 32319 | Swamp:4  | Killed Bai Suzhen
 32651 | Spider:1 | Entered Level 1 of the Spider Nest
 32658 | Spider:1 | Reached skill level 22 in Unarmed Combat
 32896 | Spider:1 | Reached XP level 18. HP: 131/131 MP: 0/18
 33656 | Spider:2 | Received a gift from Trog
 35256 | Spider:4 | Entered Level 4 of the Spider Nest
 35352 | Spider:4 | Noticed Asterion
 35376 | Spider:4 | HP: 4/198 [tarantella (10)]
 35377 | Spider:4 | Received a gift from Trog
 35381 | Spider:4 | Slain by a wolf spider

Levels and vault maps discovered:
D:1:      grunt_arrival_crossed_arrows, layout_basic
D:2:      layout_loops_ring, uniq_natasha
D:3:      layout_loops_corners, ebering_ghost_disaster_area, uniq_sigmund,
          uniq_grinder
D:4:      layout_rooms, chequers_temple_overflow_statue_of_worship,
          first_ration, cheibriados_altar_1
D:5:      layout_loops_ring, lemuel_round_altar,
          minmay_temple_entry_proselytizer, uniq_eustachio
D:6:      layout_gridville, lemuel_blue_sif_altar, gammafunk_ghost_stat_death,
          kennysheep_diamond, kennysheep_cross_room,
          nemelex_xobeh_ov_fountains_minmay
D:7:      layout_loops_ring, enter_bailey_6, uniq_maggie
D:8:      minmay_the_grid_plus_closed [minmay_the_grid_fan,
          minmay_the_grid_all_tris, minmay_the_grid_expand,
          minmay_the_grid_outer_circle, minmay_the_grid_prize_inner_circle],
          layout_rooms, eat_drink_and_be_merry_uskayaw, grunt_livestock
D:9:      layout_loops_cross, kennysheep_mini_moat, kennysheep_little_box,
          lemuel_zombie_altar_yredelemnul, minmay_lair_entry_grove
D:10:     layout_basic, serial_ice, serial_ice_l, serial_ice_g, serial_ice_a,
          serial_ice_f, serial_ice_b, serial_ice_o, minmay_variable_closet
D:11:     layout_irregular_city, hiddenorc2_lemuel, minmay_misc_feat_room,
          uniq_gastronok
D:12:     layout_irregular_city, gauntlet_entry_generic, kennysheep_flooded_box
D:13:     nicolae_whirlpool, layout_rooms, grunt_vaults_entry_tiered
D:14:     layout_roguey, basic_altar
D:15:     grunt_enter_depths_snipers, layout_long_grid, basic_altar,
          ebering_ghost_funeral_grove, st_stairs_4
Lair:1:   layout_chaotic_city, gammafunk_ghost_split, serial_bayou_shore_a,
          grunt_megastairs_3, minmay_lair_oklob_chamber, lemuel_fruit_fields
Lair:2:   lemuel_reptile_caves, layout_chaotic_city
Lair:3:   layout_cave_pods, spider_nest_entry_webs, gammafunk_ghost_cemetery
Lair:4:   layout_layer_cave, swamp_mist, basic_altar, grunt_megastairs_1
Lair:5:   layout_roguey, nicolae_slime_entry_slimehenge, uniq_josephine,
          uniq_sonja
Lair:6:   guppyfry_lair_end_dragon, layout_small_grid, wormcave,
          eino_small_chamber_without_monster, nicolae_quartered_pool_little,
          minivault_29
Swamp:1:  layout_basic_swamp, hangedman_swamp_ruin_hall
Swamp:2:  layout_basic_swamp, evilmike_swamp_ruin_house_2,
          infiniplex_staircase_pool_2
Swamp:3:  layout_basic_swamp, evilmike_swamp_ruin_house_5, swamp_pool1,
          infiniplex_staircase_pool
Swamp:4:  swamp_old_school, layout_basic_swamp, uniq_bai_suzhen
Spider:1: layout_spider_delve
Spider:2: layout_chambers
Spider:3: cheibrodos_forgotten_conduit
Spider:4: grunt_spider_rune_circles, uniq_asterion
Orc:1:    layout_caves, basic_altar, portal_ice_cave_entry_imps
Orc:2:    st_orc_town, layout_caves, serial_shops, shop

Skill      XL: |  1  2  3  4  5  6  7  8  9 10 11 12 13 14 15 16 17 18 |
---------------+-------------------------------------------------------+-----
Unarmed Combat | 4 6 7 9 11 12 13 15 17 18 19 20 22 | 22.9
Fighting       | 4 5 6 7 9 12 13 14 15 17 18 19 20 21 | 21.1
Armour         | 4 6 |  6.0
Dodging        | |  1.5

Action                   |  1- 3 |  4- 6 |  7- 9 | 10-12 | 13-15 | 16-18 || total
-------------------------+-------+-------+-------+-------+-------+-------++-------
Melee: Unarmed           |   141 |   174 |   438 |   824 |  1420 |  1283 ||  4280
       Punch             |     1 |     4 |    16 |    62 |   154 |   147 ||   384
Throw: Dart              |       |       |       |     4 |       |       ||     4
Invok: Trog's Hand       |       |     4 |     3 |     2 |     2 |     3 ||    14
       Berserk           |       |     1 |     3 |     2 |     2 |     2 ||    10
       Brothers in Arms  |       |       |       |     2 |     1 |     3 ||     6
 Abil: Fly               |       |       |       |       |     2 |       ||     2
       Stop Flying       |       |       |       |       |     1 |       ||     1
Evoke: Wand              |       |       |       |     1 |       |       ||     1
  Use: Scroll            |       |       |    11 |    17 |    13 |     7 ||    48
       Potion            |       |       |       |     2 |       |     2 ||     4
 Stab: Sleeping          |       |     1 |       |       |       |       ||     1
       Petrified         |       |       |       |       |     3 |       ||     3
       Confused          |       |       |       |       |       |     2 ||     2
  Eat: Chunk             |     2 |     7 |    18 |    42 |    41 |    24 ||   134
       Ration            |       |       |       |       |       |     1 ||     1
Armor: Animal skin       |    47 |    42 |     4 |       |       |       ||    93
       Scale mail        |       |       |    94 |       |       |       ||    94
       Chain mail        |       |       |   198 |    50 |   455 |  1081 ||  1784
       Swamp dragon scal |       |       |       |    88 |       |       ||    88
       Plate armour      |       |       |       |   321 |   468 |       ||   789
Dodge: Dodged            |    86 |    67 |   214 |   324 |   641 |   961 ||  2293

Table legend:
 A = Non-vault XP
 B = Vault XP
 C = Vault XP percentage of total XP
 D = Non-vault monster count
 E = Vault monster count
 F = Vault count percentage of total count
                 A         B        C        D         E       F
            +---------+---------+-------+---------+---------+-------
      Total |  192155 |   94565 |  33.0 |     818 |     380 |  31.7
            +---------+---------+-------+---------+---------+-------
        D:1 |      33 |       0 |   0.0 |      21 |       0 |   0.0
        D:2 |     147 |      36 |  19.7 |      28 |       1 |   3.4
        D:3 |     145 |     711 |  83.1 |      30 |       3 |   9.1
        D:4 |     594 |       0 |   0.0 |      25 |       0 |   0.0
        D:5 |    1671 |     226 |  11.9 |      36 |       2 |   5.3
        D:6 |     836 |     554 |  39.9 |      20 |       7 |  25.9
        D:7 |     601 |     340 |  36.1 |      13 |       1 |   7.1
        D:8 |    1310 |    3587 |  73.2 |      20 |      19 |  48.7
        D:9 |    2710 |    1934 |  41.6 |      37 |      15 |  28.8
       D:10 |    3016 |     643 |  17.6 |      24 |       9 |  27.3
       D:11 |    2894 |    2504 |  46.4 |      17 |      33 |  66.0
       D:12 |   10777 |       0 |   0.0 |      48 |       0 |   0.0
       D:13 |    6281 |    8977 |  58.8 |      29 |      26 |  47.3
       D:14 |    9379 |       0 |   0.0 |      29 |       0 |   0.0
       D:15 |    7263 |    6895 |  48.7 |      17 |      11 |  39.3
     Lair:1 |    3194 |    2799 |  46.7 |      17 |      10 |  37.0
     Lair:2 |    3701 |    2071 |  35.9 |      20 |      35 |  63.6
     Lair:3 |    4035 |    2478 |  38.0 |      17 |       3 |  15.0
     Lair:4 |    5900 |    1093 |  15.6 |      16 |       5 |  23.8
     Lair:5 |    6640 |    3501 |  34.5 |      21 |      21 |  50.0
     Lair:6 |   18370 |   17462 |  48.7 |      54 |      65 |  54.6
    Swamp:1 |    7212 |       0 |   0.0 |      22 |       0 |   0.0
    Swamp:2 |   12947 |       0 |   0.0 |      33 |       0 |   0.0
    Swamp:3 |   14868 |       0 |   0.0 |      29 |       0 |   0.0
    Swamp:4 |   13952 |   21966 |  61.2 |      32 |      25 |  43.9
   Spider:1 |   20436 |       0 |   0.0 |      47 |       0 |   0.0
   Spider:2 |   10981 |       0 |   0.0 |      35 |       0 |   0.0
   Spider:3 |   11585 |    4116 |  26.2 |      24 |       7 |  22.6
   Spider:4 |    4369 |    2128 |  32.8 |      14 |       6 |  30.0
      Orc:1 |    2353 |     362 |  13.3 |      19 |      15 |  44.1
      Orc:2 |    3955 |    5736 |  59.2 |      24 |      53 |  68.8
     Bailey |       0 |       3 | 100.0 |       0 |       1 | 100.0
   Gauntlet |       0 |    4443 | 100.0 |       0 |       7 | 100.0
            +---------+---------+-------+---------+---------+-------
